 Dungeon Crawl Stone Soup version 0.26-a0-1213-gd52f5182fe (webtiles) character file.

Game seed: 7582408736275107666

15 marklar909 the Grave Robber (level 2, 0/20 HPs)
             Began as a Ghoul Necromancer on Dec 30, 2020.
             Slain by an adder (3 damage)
             ... on level 2 of the Dungeon.
             The game lasted 00:01:29 (986 turns).

marklar909 the Grave Robber (Ghoul Necromancer)      Turns: 986, Time: 00:01:30

Health: 0/20       AC:  2    Str: 11    XL:     2   Next: 50%
Magic:  0/3        EV: 12    Int: 10    God:
Gold:   33         SH:  0    Dex:  9    Spells: 3/4 levels left

rFire    . . .     SeeInvis .   o - +0 mace
rCold    + . .     Faith    .   (no shield)
rNeg     + + +     Spirit   .   a - +0 robe
rPois    ∞         Reflect  .   (no helmet)
rElec    .         Harm     .   (no cloak)
rCorr    .         Rampage  .   (no gloves)
Will     .....                  (no boots)
Stlth    ++........             (no amulet)
HPRegen  0.00/turn              (no ring)
MPRegen  0.08/turn              (no ring)

@: no status effects
A: claws 1, cold resistance 1, negative energy resistance 3, inhibited
regeneration, torment resistance, unbreathing
a: no special abilities


You were on level 2 of the Dungeon.
You visited 1 branch of the dungeon, and saw 2 of its levels.

You collected 33 gold pieces.

Inventory:

Hand Weapons
 o - a +0 mace (weapon)
Armour
 a - a +0 robe (worn)
Jewellery
 c - an uncursed ring of see invisible {unknown}
 h - an uncursed ring of poison resistance {unknown}
 j - a cursed -4 ring of intelligence {unknown}
Scrolls
 b - a scroll of magic mapping {unknown}
 e - a scroll of fog {unknown}
 f - a scroll of blinking {unknown}
 i - a scroll of amnesia {unknown}
 k - a scroll of fear {unknown}
 l - a scroll of random uselessness {unknown}
 m - a scroll of enchant armour {unknown}
 p - 2 scrolls of remove curse {unknown}
Potions
 d - a potion of mutation {unknown}
 g - a potion of resistance {unknown}
 n - a potion of curing {unknown}


   Skills:
 + Level 0.2 Fighting
 + Level 0.1 Maces & Flails
 + Level 2.0 Dodging
 + Level 2.3 Stealth
 + Level 1.8 Spellcasting
 + Level 4.3 Necromancy


You had 3 spell levels left.
You knew the following spells:

 Your Spells              Type           Power        Failure   Level
a - Pain                  Necr           36%          5%          1

Your spell library contained the following spells:

 Spells                   Type           Power        Failure   Level
 Animate Skeleton         Necr           18%          5%          1
 Vampiric Draining        Necr           4%           16%         3
 Animate Dead             Necr           4%           47%         4
 Agony                    Necr           9%           83%         5


Dungeon Overview and Level Annotations

Branches:
Dungeon (2/15)

Altars:


Innate Abilities, Weirdness & Mutations

You thrive by killing the living.
You are immune to poison.
You have sharp fingernails.
Your flesh is cold resistant. (rC+)
You are immune to negative energy. (rN+++)
You do not regenerate when monsters are visible.
You are immune to unholy pain and torment.
You can survive without breathing.


Message History

Confirm with . or Enter, or press ? or * to list all spells.
Aiming: Pain (safe; 5% risk of failure)
Press: ? - help, Shift-Dir - straight line, f/p - adder
Aim: an adder (moderately wounded, chance to affect: 68%)
The adder writhes in agony.
The adder bites you but does no damage.
Unknown command.
Unknown command.
You are too injured to fight recklessly!
You are too injured to fight recklessly!
You hit the adder.
The adder is almost dead.
The adder barely misses you. The adder bites you.
You miss the adder.
The adder is almost dead.
The adder closely misses you. The adder bites you.
* * * LOW HITPOINT WARNING * * *
You closely miss the adder.
The adder is almost dead.
The adder bites you.
You die...

##### ##.... ##.....
. #...... ...
#....>. .....#####
#...... .....bS@.###
#....<.
.....K##.[.###
###...... ⌠....
#......###........
....
##........###......
...
#..................
..
#..........##).....
.
#.....⌠.....##......
#..........###......
#...........#
#......


You could see an adder, a bat and a kobold.

Vanquished Creatures
  3 goblins (D:1)
  3 hobgoblins (D:1)
  A kobold (D:1)
  A quokka (D:2)
  A bat (D:1)
  5 rats (D:1)
14 creatures vanquished.

Notes
Turn   | Place    | Note
-------+----------+-------------------------------------------
     0 | D:1      | marklar909 the Ghoul Necromancer began the quest for the
                  | Orb.
     0 | D:1      | Reached XP level 1. HP: 14/14 MP: 2/2
   437 | D:1      | Reached XP level 2. HP: 18/20 MP: 3/3
   986 | D:2      | Slain by an adder

Illustrated notes

Levels and vault maps discovered:
D:1:      amcnicky_arrival_underground_garden, layout_loops_ring
D:2:      minmay_skewed_foursquare, layout_rooms, lemuel_round_altar,
          chequers_temple_overflow_statue_of_worship, kennysheep_generic_room_2

Skill      XL: |  1 |
---------------+----+-----
Dodging        | 2 |  2.0
Fighting       | |  0.2
Maces & Flails | |  0.1
Stealth        | |  2.3
Spellcasting   | |  1.8
Necromancy     | |  4.3

Action                   || total
-------------------------++-------
Melee: Unarmed           ||    28
       Mace              ||    20
 Cast: Pain              ||     5
 Stab: Sleeping          ||     1
Armor: Robe              ||    12
Dodge: Dodged            ||    31

Table legend: (Time is in decaauts)
 A = Elapsed time spent in this place.
 B = Non-inter-level travel time spent in this place.
 C = Inter-level travel time spent in this place.
 D = Time resting spent in this place.
 E = Time spent auto-exploring this place.
 F = Levels seen in this place.
 G = Mean time per level.
                   A        B        C        D        E       F      G
               +--------+--------+--------+--------+--------+-----+--------+
         Total |    992 |    974 |     18 |      0 |    855 |   2 |  496.0 |
       Dungeon |    992 |    974 |     18 |      0 |    855 |   2 |  496.0 |
               +--------+--------+--------+--------+--------+-----+--------+

Top non-repeatable levels by time:
     D:1: 933 daAuts
     D:2: 59 daAuts
